 Dungeon Crawl Stone Soup version 0.28.0-53-g5a82cb258f (webtiles) character file.

Game seed: 2387480550026171669

10061 buhh the Fighter (level 11, -1/103 HPs)
             Began as an Octopode Transmuter on June 20, 2022.
             Was a Follower of Ashenzari.
             Slain by a salamander
             ... wielding a +0 spear
              (7 damage)
             ... in a volcano.
             The game lasted 00:26:37 (17660 turns).

buhh the Fighter (Octopode Transmuter)             Turns: 17660, Time: 00:26:38

Health: -1/103     AC:  8    Str:  9    XL:     11   Next: 56%
Magic:  9/15       EV: 10    Int: 20    God:    Ashenzari [*.....]
Gold:   1560       SH:  5    Dex: 13    Spells: 7/16 levels left

rFire   + . .      SeeInvis +     - Unarmed
rCold   + + +      Faith    .   (shield currently unavailable)
rNeg    . . .      Spirit   .   (helmet currently unavailable)
rPois   +          Reflect  +   j - amulet of reflection
rElec   +          Harm     .   h - ring of the Fated Skepticism {SInv, Fort, Self} (curse)
rCorr   +          Rampage  .   g - ring "Revealing Serendipity" {Fire, Fort, Self} (curse)
Will    .....                   (no ring)
Stlth   ++........              (no ring)
HPRegen 0.27/turn               (no ring)
MPRegen 0.14/turn               (no ring)
                                (no ring)
                                (no ring)

@: ice-form, resistant, hasted, very quick
A: freezing attack, boosted hp, almost no armour, amphibious, 8 rings, large,
(camouflage 1), (gelatinous body 1), (nimble swimmer 1), (tentacles)
a: End Transformation, Renounce Religion, Shatter the Chains


You were in a volcano.
You worshipped Ashenzari.
Ashenzari was aware of your devotion.
You were a creature of crystalline ice.
You visited 3 branches of the dungeon, and saw 13 of its levels.
You also visited: Volcano.

You collected 1560 gold pieces.

Inventory:

Missiles
 a - 5 boomerangs of dispersal
 b - 3 curare-tipped darts
 e - 40 poisoned darts
Jewellery
 g - the cursed ring "Revealing Serendipity" (right front paw) {Fire, Fort, Self}
   (You found it on level 8 of the Dungeon)

   [ring of fire]

   It enhances your fire magic.
   rF:        It protects you from fire.
   rC:        It makes you vulnerable to cold.
   It has a curse which improves the following skills: Fortitude: Shields.
   Introspection: Fighting and Spellcasting.
 h - the cursed ring of the Fated Skepticism (left front paw) {SInv, Fort, Self}
   (You took it off a goblin on level 3 of the Dungeon)

   [ring of see invisible]

   SInv:      It lets you see invisible.
   It has a curse which improves the following skills: Fortitude: Shields.
   Introspection: Fighting and Spellcasting.
 j - an amulet of reflection (around neck)
Wands
 v - a wand of digging (5)
 D - a wand of acid (5)
 F - a wand of iceblast (6)
Scrolls
 c - a scroll of fear {!r}
 t - 4 scrolls of teleportation {!d}
 Q - 4 scrolls of fog
 X - 2 scrolls of amnesia
Potions
 d - 3 potions of attraction
 f - 2 potions of might
 k - 2 potions of flight
 l - 2 potions of lignification {!d}
 B - a potion of ambrosia {!q!d}
 N - 8 potions of curing {!q!d}
 U - 4 potions of mutation {!d}


   Skills:
 * Level 11.5(12.7) Fighting
 - Level 2.0 Dodging
 - Level 1.0 Stealth
 - Level 8.0 Unarmed Combat
 - Level 2.0(3.0) Spellcasting
 * Level 3.7 Translocations
 - Level 7.2 Transmutations
 - Level 8.0 Ice Magic
 - Level 3.0 Poison Magic


You had 7 spell levels left.
You knew the following spells:

 Your Spells              Type           Power      Damage    Failure   Level
b - Wereblood             Tmut           32%        N/A       1%          2
c - Spider Form           Tmut/Pois      23%        N/A       5%          3
d - Ice Form              Ice/Tmut       33%        N/A       6%          4

Your spell library contained the following spells:

 Spells                   Type           Power      Damage    Failure   Level
 Beastly Appendage        Tmut           64%        N/A       1%          1
 Blink                    Tloc           34%        N/A       4%          2
 Ensorcelled Hibernation  Hex/Ice        38%        N/A       4%          2
 Passwall                 Tmut/Erth      14%        N/A       4%          2
 Lesser Beckoning         Tloc           17%        N/A       10%         3
 Magic Dart               Conj           12%        1d3       14%         1
 Call Imp                 Summ           3%         N/A       22%         2
 Searing Ray              Conj           6%         2d4       22%         2
 Mephitic Cloud           Conj/Pois/Air  7%         N/A       28%         3
 Swiftness                Air            3%         N/A       38%         3
 Manifold Assault         Tloc           17%        N/A       65%         5
 Airstrike                Air            1%         N/A       80%         4
 Flame Wave               Conj/Fire      4%         2d5       80%         4
 Summon Lightning Spire   Summ/Air       3%         N/A       80%         4
 Starburst                Conj/Fire      2%         6d3       100%        6


Dungeon Overview and Level Annotations

Branches:
Dungeon (11/15)            Temple (1/1) D:5            Lair (1/6) D:10
    Orc (0/2) D:9         Volcano (1/1)

Altars:
Ashenzari
Cheibriados
Elyvilon
Fedhas
Gozag
Hepliaklqana
Kikubaaqudgha
Makhleb
Nemelex Xobeh
Qazlal
Ru
Sif Muna
Trog
Uskayaw
Xom
Yredelemnul
Zin
The Shining One

Shops:
D:6 [   D:8 *

Annotations:
D:5 exclusion: hound, Edmund
D:7 2 runed translucent doors, Joseph
D:11 Erolcha


Innate Abilities, Weirdness & Mutations

You are a creature of crystalline ice.
You have a powerful freezing melee attack.
Your maximum health is increased.
Your armour is entirely melded.
You are incapable of wielding weapons or throwing items.
You cannot wear most types of armour.
You are amphibious.
You can wear up to eight rings at the same time.
((Your skin changes colour to match your surroundings (Stealth+).))
((Your rubbery body absorbs attacks. (AC +1, EV +1)))
((You are camouflaged when in or above water. (Stealth+)))
((You have tentacles for arms and can constrict up to eight enemies at once.))


Message History

You feel yourself speed up.
The salamander hits you with a +0 spear.
You are engulfed in flames!
Really quaff
M - 2 potions of heal wounds {!q!d}?
You feel much better.
The salamander hits you with a +0 spear!
You are engulfed in flames!
You hit the salamander but do no damage.
The salamander is lightly wounded.
You hit the salamander but do no damage.
The salamander is lightly wounded.
The salamander hits you with a +0 spear.
You are engulfed in flames!
* * * LOW HITPOINT WARNING * * *
Okay, then.
Really quaff
L - a potion of resistance {!q!d}?
You feel protected.
The salamander hits you with a +0 spear.
* * * LOW HITPOINT WARNING * * *
You are engulfed in flames.
You resist.
* * * LOW HITPOINT WARNING * * *
Really quaff
N - 9 potions of curing {!q!d}?
You feel better.
Really quaff
M - a potion of heal wounds {!q!d}?
You feel much better.
The salamander hits you with a +0 spear!!
* * * LOW HITPOINT WARNING * * *
You are engulfed in flames.
You resist.
* * * LOW HITPOINT WARNING * * *
You hit the salamander. You freeze the salamander.
The salamander is moderately wounded.
The salamander closely misses you.
You hit the salamander but do no damage.
The salamander is moderately wounded.
You hit the salamander but do no damage.
The salamander is moderately wounded.
The salamander hits you with a +0 spear!
* * * LOW HITPOINT WARNING * * *
You are engulfed in flames!
You resist.
You die...

#########
##≈≈○°≈≈§###
##§≈≈°≈≈○°§§###
##§≈§§§≈≈○§§°≈≈#
#≈§≈§≈≈≈≈≈≈°≈○≈≈#
≈≈§§§P..§≈≈≈°°§
♣♣♣..P..♣≈≈§≈≈
♣♣...P.YN..≈≈○°
♣♣..)♣......♣≈≈°
♣.)♣....♣....♣
♣..♣♣.....♣..♣
♣P.♣♣.......)♣
♣♣.♣♣≈≈......♣♣
♣...♣≈≈≈§.♣...
♣♣..♣≈≈§≈≈♣.♣..
♣..♣♣≈≈§≈♣


You could see a salamander (strong).

Vanquished Creatures
  A two-headed ogre (Volcano)
  A manticore (D:8)
  Maggie (D:6)
  A cane toad (Lair:1)
  A komodo dragon (Volcano)
  A troll (D:10)
  5 wyverns
  A shadow (D:9)
  A steam dragon (Volcano)
  A fire bat (Volcano)
  16 yaks (D:10)
  Menkaure (D:7)
  A warg (D:9)
  2 water moccasins
  3 orc warriors
  3 black bears (D:6)
  A hornet zombie (D:8)
  4 ice beasts
  3 ogres
  5 centaurs
  2 phantoms
  4 kobold brigands
  2 bullfrogs
  A gnoll sergeant (D:9)
  A water moccasin zombie (D:6)
  10 wights
  7 killer bees (D:9)
  8 howler monkeys
  2 bullfrog zombies (D:5)
  2 bullfrog skeletons (D:6)
  4 orc priests
  An iguana (D:6)
  14 orc wizards
  A howler monkey zombie (D:9)
  5 gnolls (D:9)
  8 adders
  A worm (D:2)
  4 dart slugs
  35 orcs
  A bat zombie (D:2)
  6 endoplasms
  4 goblins
  6 hobgoblins
  6 jackals (D:2)
  A quokka (D:2)
  8 ball pythons
  A ball python skeleton (D:2)
  A ball python zombie (D:2)
  3 bats
  A frilled lizard (D:1)
  23 kobolds
  5 rats
231 creatures vanquished.

Vanquished Creatures (others)
  A fungus (Lair:1)
  92 plants
  4 withered plants (D:2)
97 creatures vanquished.

Grand Total: 328 creatures vanquished

Notes
Turn   | Place    | Note
-------+----------+-------------------------------------------
     0 | D:1      | buhh the Octopode Transmuter began the quest for the Orb.
     0 | D:1      | Reached XP level 1. HP: 13/13 MP: 3/3
   523 | D:1      | Reached XP level 2. HP: 14/19 MP: 3/5
   529 | D:1      | Reached skill level 2 in Fighting
  1415 | D:2      | Reached XP level 3. HP: 25/25 MP: 4/6
  1516 | D:2      | Reached skill level 3 in Fighting
  2466 | D:2      | Found a faded altar of an unknown god.
  2681 | D:3      | Reached XP level 4. HP: 31/31 MP: 5/7
  3711 | D:3      | Learned a level 2 spell: Wereblood
  3715 | D:3      | Learned a level 3 spell: Spider Form
  3867 | D:3      | Reached XP level 5. HP: 22/37 MP: 4/8
  3872 | D:3      | Reached skill level 4 in Fighting
  4605 | D:4      | Noticed a phantom
  4826 | D:3      | Killed a phantom
  4827 | D:3      | Reached skill level 5 in Fighting
  4827 | D:3      | Reached XP level 6. HP: 41/45 MP: 7/9
  4834 | D:4      | Noticed a wyvern
  4847 | D:4      | Killed a wyvern
  6214 | D:5      | Entered Level 5 of the Dungeon
  6234 | D:5      | Reached XP level 7. HP: 42/50 MP: 7/10
  6783 | D:5      | Found a stormy altar of Qazlal.
  6828 | D:5      | Found a staircase to the Ecumenical Temple.
  6916 | D:5      | Noticed Edmund
  7420 | D:6      | HP: 2/50 [orc/+0 dagger (2)]
  7821 | D:6      | Reached XP level 8. HP: 27/55 MP: 8/11
  8296 | D:6      | Learned a level 4 spell: Ice Form
  8397 | D:6      | Noticed Maggie
  8404 | D:6      | Killed Maggie
  8910 | D:6      | Identified a scroll of acquirement
  8910 | D:6      | Acquired 984 gold pieces
  8965 | D:6      | Found Mibigeha's Antique Armour Shoppe.
  9049 | D:6      | Got the Reference Book on Harmful Air
  9322 | D:6      | Reached XP level 9. HP: 38/61 MP: 7/12
  9598 | Temple   | Entered the Ecumenical Temple
  9745 | Temple   | Became a worshipper of Ashenzari the Shackled
 10368 | D:7      | Noticed Menkaure
 10374 | D:7      | Killed Menkaure
 10732 | D:7      | Noticed Joseph
 10947 | D:7      | Reached skill level 6 in Fighting
 11003 | D:7      | Paralysed by Joseph for 4 turns
 11468 | D:7      | Found a runed translucent door.
 11468 | D:7      | Found a runed translucent door.
 11468 | D:7      | Noticed a cyclops
 12597 | D:8      | Reached XP level 10. HP: 67/68 MP: 8/13
 12675 | D:8      | Noticed a manticore
 12690 | D:8      | Killed a manticore
 12691 | D:8      | Reached skill level 7 in Fighting
 13002 | D:8      | Reached * piety under Ashenzari
 13006 | D:8      | Found Unulajyh's Demolitions Depot.
 14127 | D:9      | Found a staircase to the Orcish Mines.
 14314 | D:9      | Reached skill level 8 in Fighting
 15217 | D:10     | Entered Level 10 of the Dungeon
 15311 | D:10     | Found a staircase to the Lair.
 15381 | D:10     | Reached skill level 9 in Fighting
 16243 | D:10     | Reached XP level 11. HP: 83/83 MP: 13/16
 16248 | D:10     | Reached skill level 10 in Fighting
 16827 | D:11     | Noticed Erolcha
 16939 | Lair:1   | Entered Level 1 of the Lair of Beasts
 17051 | Lair:1   | Found a dark tunnel.
 17094 | Volcano  | Entered a volcano
 17113 | Volcano  | Reached skill level 11 in Fighting
 17564 | Volcano  | Noticed a two-headed ogre
 17567 | Volcano  | Killed a two-headed ogre
 17638 | Volcano  | Noticed a salamander
 17660 | Volcano  | Slain by a salamander

Illustrated notes

Levels and vault maps discovered:
D:1:      giann_forest_graveyard, layout_loops_ring
D:2:      layout_loops_cross, serial_undead, serial_undead_f, serial_undead_f,
          serial_undead_e, serial_undead_a, serial_undead_c, serial_undead_c,
          serial_undead_c, serial_undead_c,
          hellmonk_ecumenical_altar_arch_garden, kennysheep_generic_room_7
D:3:      layout_loops_ring
D:4:      layout_layer_cave
D:5:      layout_basic, kennysheep_mini, minmay_temple_entry_from_below_a,
          minmay_crossroads, uniq_edmund
D:6:      layout_layer_cave, serial_shops, shop, uniq_maggie
D:7:      minmay_the_grid_triangle_9x9_recursive_2
          [minmay_the_grid_triangle_9x9_prize_insulated,
          minmay_the_grid_triangle_9x9_negative_grid,
          minmay_the_grid_triangle_9x9_odd_lines,
          minmay_the_grid_triangle_9x9_tough_junction], layout_cave_pools,
          uniq_joseph, uniq_menkaure
D:8:      layout_layer_cave, grunt_decor_junction, nicolae_blasting_shop,
          st_stairs_6, grunt_decor_cap
D:9:      layout_small_grid, david_orc_3, chequers_serial_rivers_marsh,
          grunt_ministairs_15
D:10:     layout_irregular_city, dpeg_oklobed_lair
D:11:     layout_gridville, minmay_misc_feat_pillars, uniq_urug, uniq_erolcha
Temple:   mainiacjoe_temple_circle_huts
Lair:1:   layout_cave_pods, nicolae_volcano_entry_hallway, serial_bayou_shore_b
Volcano:  pf_volcano_lost_world

Skill      XL: |  1  2  3  4  5  6  7  8  9 10 11 |
---------------+----------------------------------+-----
Stealth        | 1 |  1.0
Fighting       | 2 3 5 6 9 11 | 11.5
Poison Magic   | 1 2 3 |  3.0
Transmutations | 4 6 7 |  7.2
Ice Magic      | 6 7 8 |  8.0
Unarmed Combat | 5 8 |  8.0
Translocations | 3 |  3.7
Dodging        | |  2.0
Spellcasting   | |  2.0

Action                   |  1- 3 |  4- 6 |  7- 9 | 10-12 || total
-------------------------+-------+-------+-------+-------++-------
Melee: Unarmed           |    91 |   125 |   256 |   261 ||   733
       Constrict         |    25 |    15 |     1 |     2 ||    43
       Kick              |    24 |    14 |     4 |       ||    42
       Tentacles         |    17 |    10 |     3 |     2 ||    32
       Punch             |     3 |     1 |       |       ||     4
 Cast: Beastly Appendage |    27 |    21 |     2 |       ||    50
       Spider Form       |       |     8 |    10 |       ||    18
       Ice Form          |       |       |    28 |    36 ||    64
       Wereblood         |       |       |       |     1 ||     1
Invok: Curse Item        |       |       |     1 |     2 ||     3
       Shatter the Chain |       |       |       |     1 ||     1
Evoke: Wand              |       |     2 |     7 |     2 ||    11
  Use: Potion            |       |       |     2 |     8 ||    10
       Scroll            |       |       |    13 |       ||    13
 Stab: Sleeping          |    11 |     5 |     1 |       ||    17
Armor: Skin              |     8 |     7 |    66 |    84 ||   165
Dodge: Dodged            |    42 |   103 |   175 |   165 ||   485
Block: Other             |       |       |       |    10 ||    10
